 Dungeon Crawl Stone Soup version 0.23-a0-295-g2e428d4 (webtiles) character file.

74 Amnesiac the Magician (level 4, -6/30 HPs)
             Began as a Mummy Wizard on Oct 4, 2018.
             Was an Initiate of Kikubaaqudgha.
             Mangled by MisterFreud's ghost (10 damage)
             ... on level 4 of the Dungeon.
             The game lasted 00:06:29 (1754 turns).

Amnesiac the Magician (Mummy Wizard)                Turns: 1754, Time: 00:06:30

Health: -6/30      AC:  3    Str: 10    XL:     4   Next: 9%
Magic:  10/12      EV: 12    Int: 18    God:    Kikubaaqudgha [......]
Gold:   48         SH:  0    Dex: 10    Spells: 4/15 levels left

rFire    x . .     SeeInvis .   b - +0 hunting sling
rCold    + . .     Gourm    .   (no shield)
rNeg     + + +     Faith    .   d - +0 robe
rPois    ∞         Spirit   .   (no helmet)
rElec    .         Reflect  .   (no cloak)
rCorr    +         Harm     .   i - +0 pair of gloves
MR       .....                  (no boots)
Stlth    ++........             (no amulet)
HPRegen  0.10/turn              h - ring of resist corrosion
MPRegen  0.13/turn              (no ring)

@: no status effects
A: no food or potions, fire vulnerability, cold resistance 1, negative energy
resistance 3, torment resistance, unbreathing
a: Renounce Religion


You were on level 4 of the Dungeon.
You worshipped Kikubaaqudgha.
Kikubaaqudgha was noncommittal.
You were not hungry.

You visited 2 branches of the dungeon, and saw 5 of its levels.

You collected 48 gold pieces.

Inventory:

Hand Weapons
 a - a +0 dagger of speed
 b - a +0 hunting sling (weapon)
Missiles
 e - 85 stones (quivered)
Armour
 c - a +0 ring mail
 d - a +0 robe (worn)
 f - a +0 helmet
 i - a +0 pair of gloves (worn)
Jewellery
 h - a ring of resist corrosion (left hand)
Scrolls
 g - a scroll of remove curse {!r}


   Skills:
 - Level 1.5 Dodging
 - Level 1.5 Stealth
 + Level 6.0 Spellcasting
 - Level 0.7 Conjurations
 - Level 0.7 Summonings
 * Level 1.0 Necromancy
 - Level 0.7 Translocations


You had 4 spell levels left.
You knew the following spells:

 Your Spells              Type           Power        Failure   Level  Hunger
a - Magic Dart            Conj           #...         9%          1    N/A
b - Call Imp              Summ           #.......     14%         2    N/A
e - Mephitic Cloud        Conj/Pois/Air  #.......     32%         3    N/A
s - Conjure Flame         Conj/Fire      #.......     30%         3    N/A
v - Blink                 Tloc           N/A          14%         2    N/A

Your spell library contained the following spells:

 Spells                   Type           Power        Failure   Level  Hunger
 Slow                     Hex            #.......     19%         2    N/A

Dungeon Overview and Level Annotations

Branches:
Dungeon (4/15)             Temple (1/1) D:4

Altars:
Ashenzari
Cheibriados
Gozag
Kikubaaqudgha
Trog
Wu Jian

Annotations:
D:4 MisterFreud's ghost, amateur MiFi


Innate Abilities, Weirdness & Mutations

You do not eat or drink.
Your flesh is vulnerable to fire.
You are immune to poison.
Your flesh is cold resistant. (rC+)
You are immune to negative energy. (rN+++)
You are immune to unholy pain and torment.
You can survive without breathing.


Message History

Press: ? - help, Shift-Dir - straight line, f - orc wizard
Aim: an orc wizard, wielding a dagger and wearing a robe The ball explodes into a vile cloud!
The stinking cloud engulfs the orc wizard.
You hear a shout!
The orc wizard is engulfed in noxious fumes.
The orc wizard appears confused.
The orc wizard misses you.
A frilled lizard comes into view.
Really attack while wielding your +0 hunting sling?
Okay, then.
Found a spear.
MisterFreud's ghost turns its malevolent gaze towards you.
You open the door. The hound skeleton bites you.
* * * LOW HITPOINT WARNING * * *
The hound skeleton barely misses you. The hound skeleton closely misses you.
Found a helmet.
Found an escape hatch in the ceiling.
The hound skeleton barely misses you.
An ogre comes into view. It is wielding a giant club.
The ogre shouts!
The hound skeleton closely misses you.
Found a ration.
You see here a helmet.
f - a helmet The hound skeleton barely misses you.
The hound skeleton bites you but does no damage.
The hound skeleton barely misses you. The hound skeleton bites you.
* * * LOW HITPOINT WARNING * * *
You hear the rusting of a distant drain.
The orc wizard gestures at you while chanting.
The magic dart hits you!
* * * LOW HITPOINT WARNING * * *
There is an escape hatch in the ceiling here.
The hound skeleton barely misses you.
The orc wizard points at you and mumbles some strange words.
The magic dart hits you!
* * * LOW HITPOINT WARNING * * *
Found a stone staircase leading down.
Okay, then.
An orc comes into view. It is wielding a flail.
The hound skeleton bites you but does no damage.
An orc priest and an orc wizard come into view.
Found a stone staircase leading down.
The hound skeleton bites you.
* * * LOW HITPOINT WARNING * * *
The orc wizard looks braver for a moment.
The hound skeleton misses you.
MisterFreud's ghost laughs crazily.
The orc wizard looks satisfied for a moment.
The hound skeleton bites you.
* * * LOW HITPOINT WARNING * * *
The hound skeleton misses you. The ogre closely misses you.
There is a stone staircase leading down here.
An orc comes into view. It is wielding a flail.
The hound skeleton completely misses you.
An orc comes into view.
An orc comes into view. It is wielding a trident.
The orc closely misses you. MisterFreud's ghost hits you!
You die...
Kikubaaqudgha rasps: "You have failed me!
Welcome... oblivion!"

###### ......### ..o.....###
........W.###########
.......@orO.o.......#
.......#####........# #o.....
#...>.....# .#$#. .#......
##.........#### ....
..............o..........
#...#>###.....####........###.
##...... ......................
##....#.####....######.w....###.
##................# #...........


You could see an ogre, an orc wizard, MisterFreud's ghost, 3 orcs and a rat.

Vanquished Creatures
  An iguana (Temple)
  An adder (D:4)
  A dart slug (D:2)
  2 leopard geckos (D:4)
  An orc (D:3)
  4 giant cockroaches
  4 goblins
  6 hobgoblins
  2 jackals (D:1)
  6 bats
  2 frilled lizards
  3 kobolds
  A quokka skeleton (D:4)
  3 rats (D:1)
37 creatures vanquished.

Vanquished Creatures (collateral kills)
  A jackal (D:1)
1 creature vanquished.

Grand Total: 38 creatures vanquished

Notes
Turn   | Place    | Note
-------+----------+-------------------------------------------
     0 | D:1      | Amnesiac the Mummy Wizard began the quest for the Orb.
     0 | D:1      | Reached XP level 1. HP: 13/13 MP: 5/5
   260 | D:1      | Reached XP level 2. HP: 19/19 MP: 2/7
   265 | D:1      | Learned a level 2 spell: Blink
   268 | D:1      | Learned a level 2 spell: Call Imp
   529 | D:1      | Reached skill level 5 in Spellcasting
  1187 | D:2      | Reached XP level 3. HP: 23/24 MP: 9/9
  1192 | D:2      | Learned a level 3 spell: Conjure Flame
  1196 | D:2      | Learned a level 3 spell: Mephitic Cloud
  1604 | D:4      | Found a staircase to the Ecumenical Temple.
  1604 | D:4      | Found a runed door.
  1608 | Temple   | Entered the Ecumenical Temple
  1636 | Temple   | Became a worshipper of Kikubaaqudgha
  1662 | Temple   | Reached skill level 6 in Spellcasting
  1662 | Temple   | Reached skill level 1 in Necromancy
  1662 | Temple   | Reached XP level 4. HP: 16/30 MP: 1/12
  1714 | D:4      | Noticed MisterFreud's ghost (amateur MiFi)
  1727 | D:4      | Noticed an ogre
  1754 | D:4      | Mangled by MisterFreud's ghost

Vault maps used:
D:1:      lemuel_arrival_behind_the_door_small, serial_forest,
          infiniplex_forest_corner_2, infiniplex_forest_clump_curved,
          infiniplex_forest_lined_4_way, infiniplex_forest_lined_room_2,
          infiniplex_forest_straight_4, infiniplex_forest_straight_4,
          infiniplex_forest_end_1
D:2:      grunt_ministairs_13, kennysheep_potato, uniq_natasha
D:3:      first_ration, corexii_shack
D:4:      lemuel_round_altar, marbit_many_paths, minmay_temple_entry_grid,
          serial_bayou, serial_bayou_pond_a, serial_bayou_crossing,
          serial_bayou_pond_b, serial_bayou_pond_a, serial_bayou_pond_a,
          serial_bayou_pond_a, ebering_ghost_sewer_f, lightli_sewer_entry_pipes,
          roderic_filled_cross
Temple:   nicolae_temple_elliptical

Skill      XL: |  1  2  3 |
---------------+----------+-----
Spellcasting   | 5 6 |  6.0
Necromancy     | 1 |  1.0
Dodging        | |  1.5
Stealth        | |  1.5
Conjurations   | |  0.7
Summonings     | |  0.7
Translocations | |  0.7

Action                   |  1- 3 |  4- 6 || total
-------------------------+-------+-------++-------
Melee: Short sword       |    13 |       ||    13
 Fire: Hunting sling     |    62 |    11 ||    73
 Cast: Magic Dart        |    56 |       ||    56
       Call Imp          |     1 |       ||     1
       Mephitic Cloud    |     4 |     1 ||     5
  Use: Scroll            |     2 |       ||     2
 Stab: Sleeping          |     2 |       ||     2
Armor: Robe              |    11 |     4 ||    15
Dodge: Dodged            |    32 |    25 ||    57

Table legend:
 A = Non-vault XP
 B = Vault XP
 C = Vault XP percentage of total XP
 D = Non-vault monster count
 E = Vault monster count
 F = Vault count percentage of total count
                 A         B        C        D         E       F
            +---------+---------+-------+---------+---------+-------
      Total |      94 |      12 |  11.3 |      31 |       7 |  18.4
            +---------+---------+-------+---------+---------+-------
        D:1 |      27 |       0 |   0.0 |      17 |       0 |   0.0
        D:2 |      15 |       8 |  34.8 |       7 |       5 |  41.7
        D:3 |       6 |       0 |   0.0 |       3 |       0 |   0.0
        D:4 |      19 |       4 |  17.4 |       3 |       2 |  40.0
     Temple |      27 |       0 |   0.0 |       1 |       0 |   0.0
            +---------+---------+-------+---------+---------+-------
